Map: [ESL] Alcyone

Players

MaNa

  • Race: Protoss Protoss
  • Spawn Location: 7:00

Elazer - Winner!

  • Race: Zerg Zerg
  • Spawn Location: 1:00

Event: ESL SC2 Masters 2024 Spring (Regional)

VOD

Have the link to the VOD?

Description

Time

  • Played on: April 18, 2024, 11:44 a.m.
  • Length: 8:59

All games in this series

Show
View Real Time Build Order
Export as new Build Order

MaNa Protoss 

Build Orders:  

Get SALT Encoding   

  12  0:00  Probe (Chrono Boost)  
  13  0:09  Probe (Chrono Boost)  
  14  0:14  Probe (Chrono Boost)  
  15  0:22  Pylon  
  15  0:40  Probe  
  16  0:49  Pylon  
  16  0:52  Probe  
  17  1:04  Probe  
  17  1:07  Gateway  
  17  1:09  Forge  
  18  1:16  Assimilator, Probe  
  19  1:28  Probe  
  20  1:34  Pylon  
  20  1:40  Probe  
  20  1:44  Photon Cannon  
  21  1:53  Assimilator  
  21  1:54  Photon Cannon  
  21  2:02  Cybernetics Core  
  21  2:10  Zealot (Chrono Boost)  
  21  2:13  Probe  
  24  2:25  Probe  
  25  2:39  Robotics Facility  
  25  2:41  Robotics Facility  
  25  2:47  Shield Battery  
  25  2:53  Stalker  
  27  3:02  Pylon  
  27  3:22  Shield Battery  
  27  3:31  Immortal (Chrono Boost)  
  31  3:41  Warp Prism (Chrono Boost)  
  37  4:07  Immortal (Chrono Boost)  
  35  4:16  Immortal (Chrono Boost)  
  39  4:26  Shield Battery  
  39  4:34  Shield Battery  
  38  4:50  Immortal  
  42  5:00  Shield Battery  
  46  5:24  Shield Battery  
  46  5:38  Immortal  
  43  5:52  Pylon  
  41  5:58  Shield Battery  
  41  6:09  Shield Battery  
  38  6:14  Shield Battery  
  38  6:31  Immortal  
  38  6:47  Shield Battery  
  38  6:52  Pylon  
  35  7:31  Probe  
  36  7:45  Probe  
  36  7:48  Stargate  
  31  7:57  Probe  
  23  8:28  Pylon  
  23  8:33  Pylon  
  23  8:51  Pylon  
  23  8:54  Nexus  
Show
View Real Time Build Order
Export as new Build Order

Elazer Zerg - Winner!

Build Orders: Hatch First, Ravager All-In 

Get SALT Encoding   

  12  0:00  Drone  
  13  0:12  Overlord  
  13  0:17  Drone  
  14  0:31  Drone x2  
  16  0:49  Hatchery  
  15  0:52  Drone  
  15  0:56  Drone  
  17  0:59  Drone  
  18  1:10  Extractor  
  17  1:14  Spawning Pool  
  17  1:17  Drone  
  17  1:20  Drone  
  18  1:28  Drone  
  19  1:39  Drone  
  20  1:51  Overlord  
  20  2:02  Extractor  
  20  2:03  Roach Warren  
  20  2:04  Drone  
  20  2:05  Drone  
  20  2:06  Queen  
  22  2:12  Drone  
  23  2:21  Drone  
  24  2:33  Hatchery  
  23  2:42  Roach  
  26  2:48  Roach  
  26  2:50  Overlord  
  27  2:55  Roach  
  29  3:02  Overlord  
  29  3:04  Ravager  
  30  3:09  Roach  
  30  3:10  Ravager  
  33  3:15  Ravager  
  34  3:25  Roach  
  36  3:29  Roach x2  
  36  3:30  Ravager  
  36  3:33  Drone  
  42  3:40  Drone  
  43  3:49  Drone  
  43  3:53  Ravager  
  45  3:56  Drone  
  45  3:57  Overlord  
  45  4:05  Ravager  
  45  4:06  Roach x2  
  50  4:16  Queen  
  50  4:21  Zergling x4  
  50  4:24  Metabolic Boost  
  54  4:28  Drone  
  54  4:29  Drone  
  54  4:43  Drone x2  
  54  4:44  Queen  
  58  4:52  Roach x2  
  60  4:57  Overlord  
  60  5:05  Overlord  
  60  5:08  Extractor  
  60  5:09  Ravager  
  61  5:14  Queen  
  61  5:17  Zergling x6  
  61  5:22  Queen  
  61  5:26  Ravager  
  64  5:30  Zergling x2  
  57  5:50  Zergling x4  
  57  6:02  Zergling x6  
  60  6:05  Queen  
  58  6:13  Roach x3  
  58  6:15  Zergling x2  
  62  6:21  Roach  
  62  6:22  Zergling x2  
  66  6:25  Roach  
  65  6:37  Ravager  
  65  6:38  Roach, Ravager x2  
  65  6:39  Roach  
  69  6:44  Ravager  
  69  6:45  Zergling x4  
  72  6:47  Zergling x2  
  72  6:48  Queen  
  68  7:10  Zergling x4  
  68  7:11  Zergling x2  
  68  7:14  Roach x2  
  68  7:15  Ravager x2  
  73  7:31  Zergling x4  
  73  7:36  Overlord x2  
  71  7:48  Overlord x2, Hatchery  
  69  8:01  Hatchery  
  68  8:08  Zergling x8  
  63  8:24  Roach x2  
  61  8:29  Roach  
  63  8:40  Zergling x2  
  61  8:50  Ravager x3  
Tags
 
Add a new tag
Caveats
  • Supply blocks, unpowered buildings, or Contaminate may cause inaccurate times.
  • Supply counts are checked every 10 seconds.